 Dungeon Crawl Stone Soup version 0.27-a0-661-gca034ae587 (webtiles) character file.

Game seed: 8654753157938699504

0 JoanKharjo the Vexing (level 1, 0/13 HPs)
             Began as a Human Wanderer on Mar 17, 2021.
             Slain by a kobold (4 damage)
             ... on level 1 of the Dungeon.
             The game lasted 00:00:42 (30 turns).

JoanKharjo the Vexing (Human Wanderer)                Turns: 30, Time: 00:00:42

Health: 0/13       AC:  2    Str: 15    XL:     1   Next: 11%
Magic:  1/1        EV: 11    Int: 11    God:
Gold:   0          SH:  0    Dex: 10    Spells: 0/0 levels left

rFire    . . .     SeeInvis .   a - +0 club
rCold    . . .     Faith    .   (no shield)
rNeg     . . .     Spirit   .   c - +0 robe
rPois    .         Reflect  .   (no helmet)
rElec    .         Harm     .   (no cloak)
rCorr    .         Rampage  .   (no gloves)
Will     .....                  (no boots)
Stlth    +.........             (no amulet)
HPRegen  0.04/turn              (no ring)
MPRegen  0.07/turn              (no ring)

@: no status effects
A: no striking features
a: no special abilities


You were on level 1 of the Dungeon.
You visited 1 branch of the dungeon, and saw 1 of its levels.

Inventory:

Hand Weapons
 a - a +0 club (weapon)
Armour
 c - a +0 robe (worn)


   Skills:
 + Level 0.2 Fighting
 - Level 1.0 Crossbows
 - Level 2.0 Armour
 - Level 3.0 Hexes
 - Level 2.0 Poison Magic
 - Level 2.0 Evocations


You couldn't memorise any spells.
You didn't know any spells.
Your spell library contained the following spells:

 Spells                   Type           Power      Damage    Failure   Level
 Sting                    Tmut/Pois      8%         1d3       24%         1
 Pain                     Necr           0%         1d4       34%         1
 Poisonous Vapours        Pois/Air       4%         N/A       34%         2
 Ignite Poison            Fire/Tmut/Pois 1%         N/A       63%         3
 Mephitic Cloud           Conj/Pois/Air  1%         N/A       63%         3
 Vampiric Draining        Necr           0%         2d6       71%         3
 Olgreb's Toxic Radiance  Pois           4%         N/A       83%         4


Dungeon Overview and Level Annotations

Branches:
Dungeon (1/15)

Altars:


Message History

Welcome, JoanKharjo the Human Wanderer.
Will you prevail where others failed? Will you find the Orb of Zot?
Found a ring mail.
Found two stairs.
You begin with the following items: a +0 club, a +0 robe; and the following spells available to memorise: Sting, Pain, Poisonous Vapours, Ignite Poison, Mephitic Cloud, Vampiric Draining, Olgreb's Toxic Radiance.
Okay, then.
Unknown command.
Unknown command.
Okay, then.
Unknown command.
A kobold comes into view.
The kobold shouts!
Okay, then.
Unknown command.
A frilled lizard comes into view.
The frilled lizard hisses angrily.
A bat comes into view.
The bat moves out of view.
The frilled lizard bites you.
You take 1 damage, and have 12/13 hp.
You closely miss the frilled lizard. The frilled lizard bites you.
The kobold closely misses you.
You take 2 damage, and have 10/13 hp.
You hit the kobold but do no damage. The frilled lizard closely misses you.
The kobold barely misses you.
You closely miss the kobold. The frilled lizard misses you.
The kobold hits you.
You take 2 damage, and have 8/13 hp.
You hit the frilled lizard.
You kill the frilled lizard!
The kobold hits you but does no damage.
You hit the kobold. The kobold hits you. x2
* * * LOW HITPOINT WARNING * * *
You take 4 damage, and have 5/13 hp.
MASSIVE DAMAGE!!
You miss the kobold. The kobold hits you.
* * * LOW HITPOINT WARNING * * *
You take 1 damage, and have 4/13 hp.
You closely miss the kobold. The kobold hits you but does no damage.
You barely miss the kobold. The kobold hits you.
You die...

.#...######.. .####
............###....#
....................
≈≈≈≈≈P...P≈≈≈≈≈≈≈≈P.
≈≈≈≈≈≈...≈≈≈≈≈≈≈≈≈≈.
≈≈≈≈≈≈...≈≈≈≈≈≈≈≈≈≈.
≈≈≈≈≈.....≈≈≈≈≈≈≈≈P.
.......<...K@.......
≈≈≈≈≈.....≈≈≈≈≈≈≈≈P.
≈≈≈≈≈≈...≈≈≈≈≈≈≈≈≈≈.
≈≈≈≈≈≈...≈≈≈≈≈≈≈≈≈≈.
≈≈≈≈≈P...P≈≈≈≈≈≈≈≈P.
............[.......
.....####.....######
.>... ###.........
... ##..#####


You could see a kobold.

Levels and vault maps discovered:
D:1:      giann_bridges, layout_rooms

Notes
Turn   | Place    | Note
-------+----------+-------------------------------------------
     0 | D:1      | JoanKharjo the Human Wanderer began the quest for the Orb.
     0 | D:1      | JoanKharjo set off with the following items: a +0 club, a
                  | +0 robe; and the following spells available to memorise:
                  | Sting, Pain, Poisonous Vapours, Ignite Poison, Mephitic
                  | Cloud, Vampiric Draining, Olgreb's Toxic Radiance
     0 | D:1      | Reached XP level 1. HP: 13/13 MP: 1/1
    30 | D:1      | Slain by a kobold

Table legend: (Time is in decaauts)
 A = Elapsed time spent in this place.
 B = Non-inter-level travel time spent in this place.
 C = Inter-level travel time spent in this place.
 D = Time resting spent in this place.
 E = Time spent auto-exploring this place.
 F = Levels seen in this place.
 G = Mean time per level.
                   A        B        C        D        E       F      G
               +--------+--------+--------+--------+--------+-----+--------+
         Total |     32 |     32 |      0 |      0 |      7 |   1 |   32.0 |
       Dungeon |     32 |     32 |      0 |      0 |      7 |   1 |   32.0 |
               +--------+--------+--------+--------+--------+-----+--------+

Top non-repeatable levels by time:
     D:1: 32 daAuts

Table legend:
 A = Kills in this place as a percentage of kills in entire the game.
 B = Kills by you in this place as a percentage of kills by you in the entire game.
 C = Kills by friends in this place as a percentage of kills by friends in the entire game.
 D = Other kills in this place as a percentage of other kills in the entire game.
 E = Experience gained in this place as a percentage of experience gained in the entire game.
 F = Experience gained in this place divided by the number of levels of this place that you have seen.
                   A       B       C       D       E      F
               +-------+-------+-------+-------+-------+----------------------
         Total | 100.0 | 100.0 |   N/A |   N/A | 100.0 |   1.0
       Dungeon | 100.0 | 100.0 |   N/A |   N/A | 100.0 |   1.0
               +-------+-------+-------+-------+-------+----------------------

Action                   || total
-------------------------++-------
Melee: Club              ||     8
Armor: Robe              ||     2
Dodge: Dodged            ||     4

Vanquished Creatures
  A frilled lizard (D:1)
1 creature vanquished.
